 Dungeon Crawl Stone Soup version 0.30-a0-394-g3e4acdb0ae (webtiles) character file.

Game seed: 16053642892534862969

1752 greasedhog the Fighter (level 9, 0/59 (74) HPs)
             Began as a Barachi Fighter on Dec 7, 2022.
             Was a Follower of Okawaru.
             Slain by a wight
             ... wielding a +4 great sword of freezing
              (4 damage)
             ... on level 7 of the Dungeon.
             The game lasted 00:11:44 (6140 turns).

greasedhog the Fighter (Barachi Fighter)            Turns: 6140, Time: 00:11:45

HP:   0/59 (74)     AC:  9    Str: 18    XL:     9   Next: 6%
MP:   9/9           EV: 11    Int:  9    God:    Okawaru [*.....]
Gold: 306           SH: 10    Dex: 15    Spells: 8/8 levels left

rFire   . . .      SeeInvis +    a - +2 falchion (freeze)
rCold   . . .      Faith    .    q - +0 kite shield
rNeg    . . .      Spirit   .    w - +0 ring mail
rPois   .          Reflect  .    f - +1 helmet
rElec   .          Harm     .    (no cloak)
rCorr   .          Rampage  .    (no gloves)
Will    .....                    x - +0 pair of boots
Stlth   +.........               (no amulet)
HPRegen 0.29/turn                r - ring of see invisible
MPRegen 0.11/turn                (no ring)

@: heavily drained, slow
A: amphibious, slowness 1, strong legs 1, +LOS
a: Hop, Renounce Religion, Heroism


You were on level 7 of the Dungeon.
You worshipped Okawaru.
Okawaru was aware of your devotion.
You visited 2 branches of the dungeon, and saw 8 of its levels.
You also visited: Sewer.

You collected 306 gold pieces.

Inventory:

Hand Weapons
 a - a +2 falchion of freezing (weapon)
Armour
 f - a +1 helmet (worn)
 q - a +0 kite shield (worn)
 w - a +0 ring mail (worn)
 x - a +0 pair of boots (worn)
Jewellery
 r - a ring of see invisible (left hand)
Wands
 b - a wand of paralysis (10)
 y - a wand of flame (9)
 C - a wand of polymorph (9)
Scrolls
 e - 8 scrolls of teleportation
 i - 3 scrolls of fear
 j - 2 scrolls of enchant armour
 k - 2 scrolls of blinking
 m - 3 scrolls of poison
 n - 2 scrolls of amnesia
 u - a scroll of summoning {unknown}
Potions
 c - a potion of attraction
 d - 2 potions of haste
 g - 2 potions of flight
 h - 3 potions of curing
 l - a potion of heal wounds
 p - 2 potions of lignification
 s - 2 potions of brilliance
 v - 2 potions of might
 z - a potion of mutation
 A - a potion of cancellation {unknown}


   Skills:
 * Level 8.1 Fighting
 * Level 8.1 Long Blades
 - Level 5.0 Armour
 - Level 5.0 Dodging
 * Level 5.3 Shields
 + Level 1.1 Invocations


You had 8 spell levels left.
You didn't know any spells.
Your spell library was empty.

Dungeon Overview and Level Annotations

Branches:
Dungeon (7/15)             Temple (1/1) D:6           Sewer (visited)

Altars:
Ashenzari
Cheibriados
Dithmenos
Elyvilon
Gozag
Hepliaklqana
Kikubaaqudgha
Makhleb
Nemelex Xobeh
Okawaru
Qazlal
Vehumet
Wu Jian
Yredelemnul
Zin

Shops:
D:1 *   D:4 !   D:5 :   D:6 !*!!=[*

Annotations:
D:3 1 runed translucent door
Temple 2 transporters


Innate Abilities, Weirdness & Mutations

You are amphibious.
You cover ground slowly.
You can hop short distances.
You have an extended range of vision and can be seen from far away.


Message History

The wight hits you with a +0 battleaxe.
* * * LOW HITPOINT WARNING * * *
You hit the wight.
The wight is severely damaged.
You hit the wight.
You destroy the wight!
Okawaru accepts your kill.
You can now gain great but temporary skills.
You start resting.
You are ready to hop once more.
Your extra speed is starting to run out.
You feel yourself slow down.
Key pressed, stopping explore.
HP restored.
Items here: )) [[.
A wight comes into view.
It is wielding a +4 great sword of freezing.
A wight is nearby!
You barely miss the wight.
The wight hits you with a +4 great sword of freezing!
You feel drained. The wight freezes you.
You hit the wight but do no damage. The wight closely misses you.
You closely miss the wight. You block the wight's attack.
You hit the wight.
The wight is moderately damaged.
The wight hits you with a +4 great sword of freezing.
The wight freezes you.
You closely miss the wight.
The wight is moderately damaged.
You block the wight's attack.
You hit the wight but do no damage.
The wight is moderately damaged.
The wight hits you with a +4 great sword of freezing!!
You feel drained. The wight freezes you.
* * * LOW HITPOINT WARNING * * *
You hit the wight.
The wight is moderately damaged.
The wight hits you with a +4 great sword of freezing!
* * * LOW HITPOINT WARNING * * *
You feel drained.
You die...

...#......#####.####
###
#.........#.......).
...
#.........#.###.####
...#.#.###.............
#.#.#.......#...######
.....###.###.###
.8##.#.#.###.....######
..##...z.##...........#
._#.###@.............#
..##..................#
.8##.....#............#
#######..#..########
##.#.## #...# #####


You could see a wight.

Vanquished Creatures
  Pargi (Sewer)
  A sky beast (D:4)
  2 black bears
  A centaur (D:6)
  A kobold brigand (D:6)
  2 necrophages
  3 scorpions
  9 wights
  An electric eel (D:6)
  The ghost of baller8008 the Magician, a weakling DjCj of Jiyva (D:3)
  2 jellies
  A hound (D:5)
  An orc priest (D:4)
  Jessica (D:2)
  2 orc wizards
  Ijyb (D:3)
  3 adders
  A white imp (D:6)
  2 ufetubi (D:6)
  3 worms
  3 dart slugs
  10 orcs
  4 endoplasms
  3 giant cockroaches
  11 goblins
  4 hobgoblins
  14 kobolds
  12 quokkas
  4 ball pythons
  18 bats
  2 frilled lizards
  11 rats
135 creatures vanquished.

Notes
Turn   | Place    | Note
-------+----------+-------------------------------------------
     0 | D:1      | greasedhog the Barachi Fighter began the quest for the Orb.
     0 | D:1      | Reached XP level 1. HP: 18/18 MP: 1/1
   139 | D:1      | Reached XP level 2. HP: 25/25 MP: 2/2
   417 | D:1      | Reached XP level 3. HP: 30/30 MP: 3/3
   625 | D:1      | Found Vemi's Assorted Antiques.
   880 | D:2      | Reached XP level 4. HP: 29/38 MP: 4/4
  1061 | D:2      | Noticed Jessica
  1069 | D:2      | Killed Jessica
  1367 | D:3      | Found a runed translucent door.
  1368 | D:3      | Noticed baller8008's ghost (weakling DjCj)
  1398 | D:3      | Killed baller8008's ghost
  1399 | D:3      | Reached skill level 5 in Fighting
  1399 | D:3      | Reached skill level 5 in Armour
  1399 | D:3      | Reached XP level 5. HP: 21/44 MP: 5/5
  1421 | D:3      | Found a runed translucent door.
  1447 | D:3      | Found a shadowy altar of Dithmenos.
  1469 | D:3      | Noticed Ijyb
  1510 | D:3      | Killed Ijyb
  1579 | D:3      | Found a glowing drain.
  1593 | D:3      | Reached skill level 1 in Dodging
  1596 | Sewer    | Entered a sewer
  1640 | Sewer    | Noticed Pargi
  1656 | Sewer    | Killed Pargi
  1657 | Sewer    | Reached XP level 6. HP: 47/51 MP: 6/6
  1766 | D:3      | You fall into a shaft and drop 2 floors!
  1766 | D:5      | Entered Level 5 of the Dungeon
  1772 | D:4      | Found Atulojal's Distillery.
  1823 | D:3      | Reached skill level 5 in Long Blades
  2447 | D:4      | Noticed a sky beast
  2471 | D:4      | HP: 2/52 [sky beast (5)]
  2660 | D:4      | Killed a sky beast
  2661 | D:4      | Reached XP level 7. HP: 54/58 MP: 7/7
  3304 | D:5      | Found a white marble altar of Elyvilon.
  3327 | D:5      | Found Ramyum's Book Emporium.
  3727 | D:5      | Found a burning altar of Makhleb.
  4120 | D:6      | Found Tiwkemuts's Armour Shoppe.
  4150 | D:6      | Found Hiyqyita's Distillery.
  4151 | D:6      | Found Zuezagof's Jewellery Boutique.
  4170 | D:6      | Found Dyclek's Assorted Antiques.
  4193 | D:6      | Reached XP level 8. HP: 16/67 MP: 8/8
  4198 | D:6      | HP: 3/67 [poisoned by a kobold brigand]
  4201 | D:6      | HP: 1/67 [kobold/+0 short sword (3)]
  4460 | D:6      | Found Inophume's Distillery.
  4916 | D:6      | Found Koygata's General Store.
  4981 | D:6      | Reached skill level 5 in Dodging
  5298 | D:6      | Found Kego's Distillery.
  5332 | D:6      | Found a staircase to the Ecumenical Temple.
  5488 | Temple   | Entered the Ecumenical Temple
  5488 | Temple   | Found a transporter.
  5488 | Temple   | Found a transporter.
  5489 | Temple   | Found a transporter.
  5489 | Temple   | Found a transporter.
  5502 | Temple   | Became a worshipper of Warmaster Okawaru
  5704 | D:7      | Reached skill level 5 in Shields
  5760 | D:7      | Reached XP level 9. HP: 36/74 MP: 9/9
  5892 | D:7      | Found a snail-covered altar of Cheibriados.
  5924 | D:7      | Reached skill level 1 in Invocations
  5927 | D:7      | Reached * piety under Okawaru
  6140 | D:7      | Slain by a wight

Illustrated notes

Levels and vault maps discovered:
D:1:      saegor_arrival_miasma, layout_loops_ring, serial_shops,
          nicolae_shop_waterfront
D:2:      layout_rooms, nrook_mini_backslash, kennysheep_jessica_study
D:3:      layout_loops_ring, grunt_dithmenos_smoke, ebering_ghost_sewer_f,
          gup_sewer_entry_pipe, minmay_misc_feat_cross, uniq_ijyb
D:4:      layout_basic, serial_shops, nicolae_stop_n_shop_1
D:5:      black_bear_nest_2, layout_basic, serial_shops, nicolae_stop_n_shop_1,
          hangedman_feature_mirror
D:6:      layout_basic, minmay_temple_entry_purple_smoke, serial_shops,
          shop_statue, nicolae_lakefront_shop, nicolae_shop_crystal, shop,
          nicolae_shop_stone, nicolae_wooded_promenade, minmay_parallelograms,
          minivault_14
D:7:      layout_basic, nicolae_overflow_hidden_temple,
          mainiacjoe_overflow_two_lobes, uniq_maggie
Temple:   hellmonk_temple_divided_pantheon

Skill      XL: |  1  2  3  4  5  6  7  8  9 |
---------------+----------------------------+-----
Armour         | 4 5 |  5.0
Fighting       | 4 5 6 7 8 |  8.1
Long Blades    | 3 4 5 6 8 |  8.1
Dodging        | 1 2 4 5 |  5.0
Shields        | 5 |  5.3
Invocations    | 1 |  1.1

Action                   |  1- 3 |  4- 6 |  7- 9 || total
-------------------------+-------+-------+-------++-------
Melee: Long sword        |   109 |     4 |       ||   113
       Falchion          |       |   183 |   278 ||   461
       Unarmed           |       |     7 |       ||     7
 Abil: Hop               |       |     2 |     3 ||     5
Evoke: Wand              |       |       |     4 ||     4
  Use: Scroll            |     4 |     5 |     6 ||    15
       Potion            |       |     1 |     3 ||     4
 Stab: Paralysed         |       |       |     2 ||     2
Armor: Scale mail        |    49 |   126 |    16 ||   191
       Ring mail         |       |       |    62 ||    62
Dodge: Dodged            |    53 |    98 |   114 ||   265
Block: Buckler           |    24 |    32 |       ||    56
       Kite shield       |       |    33 |   119 ||   152

Table legend: (Time is in decaauts)
 A = Elapsed time spent in this place.
 B = Non-inter-level travel time spent in this place.
 C = Inter-level travel time spent in this place.
 D = Time resting spent in this place.
 E = Time spent auto-exploring this place.
 F = Levels seen in this place.
 G = Mean time per level.
                   A        B        C        D        E       F      G
               +--------+--------+--------+--------+--------+-----+--------+
         Total |   6944 |   6620 |    324 |    784 |   4316 |   9 |  771.6 |
       Dungeon |   6777 |   6454 |    323 |    784 |   4254 |   7 |  968.1 |
        Temple |     36 |     36 |      0 |      0 |      0 |   1 |   36.0 |
         Sewer |    130 |    130 |      0 |      0 |     61 |   1 |  130.0 |
               +--------+--------+--------+--------+--------+-----+--------+

Top non-repeatable levels by time:
     D:6: 1658 daAuts
     D:3: 1237 daAuts
     D:5: 972 daAuts
     D:4: 881 daAuts
     D:1: 826 daAuts
     D:2: 674 daAuts
     D:7: 526 daAuts
   Sewer: 130 daAuts
  Temple: 36 daAuts
